 Dungeon Crawl Stone Soup version 0.27.0-1-g7a089689b8 (webtiles) character file.

Game seed: 6215209823758987718

18 RepHenryClay the Ducker (level 2, 0/26 HPs)
             Began as a Gnoll Gladiator on Aug 7, 2021.
             Slain by a gnoll (4 damage)
             ... on level 2 of the Dungeon.
             The game lasted 00:00:54 (1070 turns).

RepHenryClay the Ducker (Gnoll Gladiator)           Turns: 1070, Time: 00:00:55

Health: 0/26       AC:  6    Str: 13    XL:     2   Next: 66%
Magic:  2/2        EV: 12    Int:  7    God:
Gold:   88         SH:  0    Dex: 13    Spells: 2/2 levels left

rFire    . . .     SeeInvis .   a - +0 quarterstaff
rCold    . . .     Faith    .   (shield currently unavailable)
rNeg     . . .     Spirit   .   k - +0 ring mail
rPois    .         Reflect  .   c - +0 helmet
rElec    .         Harm     .   (no cloak)
rCorr    .         Rampage  .   (no gloves)
Will     .....                  (no boots)
Stlth    +.........             (no amulet)
HPRegen  0.08/turn              (no ring)
MPRegen  0.08/turn              (no ring)

@: very slightly contaminated, invisible
A: fangs 1, strong nose, distributed training
a: no special abilities


You were on level 2 of the Dungeon.
You visited 1 branch of the dungeon, and saw 2 of its levels.

You collected 88 gold pieces.

Inventory:

Hand Weapons
 a - a +0 quarterstaff (weapon)
Missiles
 d - 3 throwing nets (quivered)
Armour
 b - a +0 leather armour
 c - a +0 helmet (worn)
 k - a +0 ring mail (worn)
Scrolls
 e - a scroll of magic mapping {unknown}
 i - a scroll of brand weapon {unknown}
Potions
 h - a potion of attraction {unknown}
 j - 3 potions of berserk rage {unknown}


   Skills:
 + Level 4.5 Fighting
 + Level 0.5 Short Blades
 + Level 0.5 Long Blades
 + Level 0.5 Axes
 + Level 0.5 Maces & Flails
 + Level 0.5 Polearms
 + Level 6.5 Staves
 + Level 0.5 Slings
 + Level 0.5 Bows
 + Level 0.5 Crossbows
 + Level 4.5 Throwing
 + Level 0.5 Armour
 + Level 6.5 Dodging
 + Level 0.5 Stealth
 + Level 0.5 Shields
 + Level 0.5 Unarmed Combat
 + Level 0.5 Spellcasting
 + Level 0.3 Conjurations
 + Level 0.3 Hexes
 + Level 0.3 Summonings
 + Level 0.3 Necromancy
 + Level 0.3 Translocations
 + Level 0.3 Transmutations
 + Level 0.3 Fire Magic
 + Level 0.3 Ice Magic
 + Level 0.3 Air Magic
 + Level 0.3 Earth Magic
 + Level 0.3 Poison Magic
 + Level 0.6 Invocations
 + Level 0.5 Evocations


You had 2 spell levels left.
You didn't know any spells.
Your spell library was empty.

Dungeon Overview and Level Annotations

Branches:
Dungeon (2/15)

Altars:


Innate Abilities, Weirdness & Mutations

You have very sharp teeth.
Your uncanny sense of smell can sniff out nearby items.
Your experience applies equally to all skills.


Message History

No target in view!
Found a stone staircase leading up.
There is a stone staircase leading up here.
Found a stone staircase leading down.
You see here a +0 leather armour.
Found a robe.
A gnoll comes into view. It is wielding a +0 halberd.
The gnoll shouts!
You hear a shout! x2
Found 5 gold pieces.
A gnoll is nearby! 2 gnolls come into view.
A gnoll is wielding a +0 vampiric whip.
The gnoll shouts! x2
A gnoll comes into view. It is wielding a +0 flail.
The gnoll shouts!
The gnoll barely misses you.
You aren't carrying any items that you can evoke.
Unknown command.
It was a potion of heal wounds.
You feel much better.
It was a potion of invisibility.
You fade into invisibility!
The gnoll misses you. The gnoll barely misses you.
You are very lightly contaminated with residual magic.
You barely miss the gnoll. The gnoll closely misses you.
You hit the gnoll but do no damage. The gnoll misses you.
The gnoll hits you with a +0 flail.
Your ring mail prevents you from hitting the gnoll.
The gnoll hits you with a +0 flail.
You closely miss the gnoll. The gnoll hits you with a +0 flail!
You closely miss the gnoll. The gnoll misses you.
You closely miss the gnoll. The gnoll closely misses you.
Unknown command.
You closely miss the gnoll. The gnoll closely misses you.
You hit the gnoll.
The gnoll is heavily wounded.
The gnoll hits you with a +0 flail!
* * * LOW HITPOINT WARNING * * *
You hit the gnoll but do no damage.
The gnoll is heavily wounded.
The gnoll hits you with a +0 flail.
You die...

#.## # ## ..# . .#
.######### .#.# .#
#.....# #$.
.###.....# .g.
......>..# #g#
.###.....# #g# .#
#.....# #g# ##
####### #@#
##.#######.#
#..........#
########.#########
......##.####
##.........[#
#.##.#..##.#
#.##.#..##.#
#.##....##.#


You could see 4 gnolls.

Vanquished Creatures
  2 dart slugs (D:1)
  An endoplasm (D:2)
  2 goblins
  A hobgoblin (D:1)
  2 jackals (D:1)
  A quokka (D:1)
  A ball python (D:1)
  2 frilled lizards (D:1)
  A rat (D:1)
13 creatures vanquished.

Notes
Turn   | Place    | Note
-------+----------+-------------------------------------------
     0 | D:1      | RepHenryClay the Gnoll Gladiator began the quest for the
                  | Orb.
     0 | D:1      | Reached XP level 1. HP: 20/20 MP: 1/1
   150 | D:1      | Reached XP level 2. HP: 24/26 MP: 2/2
   423 | D:1      | Found a faded altar of an unknown god.
  1070 | D:2      | Slain by a gnoll

Illustrated notes

Levels and vault maps discovered:
D:1:      psy_arrival_conway, layout_basic, shapermc_ecumenical_altar_flowoftime
D:2:      layout_loops_cross

Action                   || total
-------------------------++-------
Melee: Quarterstaff      ||    39
       Bite              ||     2
  Use: Potion            ||     2
 Stab: Sleeping          ||     1
Armor: Leather armour    ||     7
Dodge: Dodged            ||    27
